 Dungeon Crawl Stone Soup version 0.27-a0-1181-g5f64966fcc (webtiles) character file.

Game seed: 12059803963124558625

35 ZappyNine the Shield-Bearer (level 3, -1/29 HPs)
             Began as a Formicid Fighter on May 17, 2021.
             Was a Follower of Okawaru.
             Engulfed by a cloud of flame (30 damage)
             ... on level 1 of the Dungeon.
             The game lasted 00:00:54 (945 turns).

ZappyNine the Shield-Bearer (Formicid Fighter)       Turns: 945, Time: 00:00:55

Health: -1/29      AC:  8    Str: 21    XL:     3   Next: 52%
Magic:  3/3        EV:  8    Int:  7    God:    Okawaru [*.....]
Gold:   26         SH: 10    Dex: 16    Spells: 2/2 levels left

rFire    . . .     SeeInvis +   a - +0 long sword
rCold    . . .     Faith    .   c - +0 kite shield
rNeg     . . .     Spirit   .   b - +0 scale mail
rPois    .         Reflect  .   (helmet unavailable)
rElec    .         Harm     .   (no cloak)
rCorr    .         Rampage  .   i - +0 pair of gloves
Will     .....                  (no boots)
Stlth    ..........             (no amulet)
HPRegen  0.09/turn              f - +6 ring of dexterity
MPRegen  0.08/turn              (no ring)

@: no status effects
A: permanent stasis, dig shafts and tunnels, antennae 3, four strong arms
a: Dig, Shaft Self, Renounce Religion, Heroism


You were on level 1 of the Dungeon.
You worshipped Okawaru.
Okawaru was aware of your devotion.
You visited 1 branch of the dungeon, and saw 1 of its levels.

You collected 26 gold pieces.

Inventory:

Hand Weapons
 a - a +0 long sword (weapon)
Armour
 b - a +0 scale mail (worn)
 c - a +0 kite shield (worn)
 i - a +0 pair of gloves (worn)
Jewellery
 f - a +6 ring of dexterity (left hand)
Scrolls
 g - a scroll of identify {unknown}
 h - a scroll of teleportation {unknown}
Potions
 d - a potion of might
 e - a potion of berserk rage {unknown}
 j - 2 potions of brilliance {unknown}


   Skills:
 + Level 3.6 Fighting
 * Level 2.7 Long Blades
 + Level 3.6 Armour
 + Level 4.0 Shields


You had 2 spell levels left.
You didn't know any spells.
Your spell library contained the following spells:

 Spells                   Type           Power      Damage    Failure   Level
 Corona                   Hex            0%         N/A       98%         1
 Ensorcelled Hibernation  Hex/Ice        0%         N/A       99%         2
 Confusing Touch          Hex            0%         N/A       100%        3
 Dazzling Flash           Conj/Hex       0%         N/A       100%        3
 Tukima's Dance           Hex            0%         N/A       100%        3


Dungeon Overview and Level Annotations

Branches:
Dungeon (1/15)

Altars:
Okawaru


Innate Abilities, Weirdness & Mutations

You cannot be hasted, slowed, berserked, paralysed or teleported.
You can dig through walls and to a lower floor.
You have a pair of large antennae on your head. (SInv)
Your four strong arms can wield two-handed weapons with a shield.


Message History

No target in view!
No target in view!
No target in view!
No target in view!
No target in view!
No target in view!
No target in view!
No target in view!
You see here a bat skeleton.
Found a stone staircase leading down.
A bat comes into view.
A bat is nearby!
The bat hits you but does no damage. x2; The bat barely misses you.
You riposte.
You slash the bat!
You kill the bat!
Okawaru accepts your kill.
No target in view!
No target in view!
No target in view!
No target in view!
No target in view!
No target in view!
No target in view!
No target in view!
No target in view!
No target in view!
No target in view!
No target in view!
There is an open door here.
There is an open door here.
Key pressed, stopping explore.
Partly explored, can't reach some items and places.
Partly explored, can't reach some items and places.
No target in view!
Really walk into a travel-excluded area?
j - 2 fizzy emerald potions Really walk into that cloud of flame?
You are engulfed in blazing flames.
Ouch! That really hurt!
You die...

#######..# #○°○#
#.###.#
#..#####...#####.#
#.#
#....○○..??.°○§..#
#.#
#...§°§..)).○°○..#
#.#
#...☼§°?....§§§..#
#.#
#..#####...#####.#
#.# #..# #§○§# ###
#.# #..# #§§○# #.#
####..# #§§@# #.#
####.....# #...#
#.# ...#.#######
#.### #.#
##)#.......# #.#
#.# #....#####.#
#.# #.#
#....#####.# #.#
#.# #..........#
#.# #.#
######..##.# #.#
#.# ###....###
#.###########.#


There were no monsters in sight!

Vanquished Creatures
  A gnoll (D:1)
  2 ball pythons (D:1)
  7 bats (D:1)
  2 endoplasms (D:1)
  A goblin (D:1)
  A hobgoblin (D:1)
  4 kobolds (D:1)
  3 quokkas (D:1)
  A rat (D:1)
22 creatures vanquished.

Notes
Turn   | Place    | Note
-------+----------+-------------------------------------------
     0 | D:1      | ZappyNine the Formicid Fighter began the quest for the Orb.
     0 | D:1      | Reached XP level 1. HP: 18/18 MP: 1/1
   124 | D:1      | Found a faded altar of an unknown god.
   140 | D:1      | Became a worshipper of Warmaster Okawaru
   140 | D:1      | Reached * piety under Okawaru
   168 | D:1      | Reached XP level 2. HP: 24/24 MP: 2/2
   368 | D:1      | Reached XP level 3. HP: 29/29 MP: 3/3
   457 | D:1      | Reached skill level 4 in Shields
   945 | D:1      | Engulfed by a cloud of flame

Illustrated notes

Levels and vault maps discovered:
D:1:      dpeg_arrival_arbitrary_b, layout_basic,
          hellmonk_ecumenical_altar_lost_god, lemuel_flame_loot_1

Skill      XL: |  1  2  3 |
---------------+----------+-----
Shields        | 4 |  4.0
Fighting       | |  3.6
Long Blades    | |  2.7
Armour         | |  3.6

Action                   || total
-------------------------++-------
Melee: Long sword        ||    53
Armor: Scale mail        ||    31
Dodge: Dodged            ||    16
Block: Kite shield       ||    32
       Rpst.: Long sword ||     4

Table legend: (Time is in decaauts)
 A = Elapsed time spent in this place.
 B = Non-inter-level travel time spent in this place.
 C = Inter-level travel time spent in this place.
 D = Time resting spent in this place.
 E = Time spent auto-exploring this place.
 F = Levels seen in this place.
 G = Mean time per level.
                   A        B        C        D        E       F      G
               +--------+--------+--------+--------+--------+-----+--------+
         Total |    968 |    968 |      0 |    106 |    692 |   1 |  968.0 |
       Dungeon |    968 |    968 |      0 |    106 |    692 |   1 |  968.0 |
               +--------+--------+--------+--------+--------+-----+--------+

Top non-repeatable levels by time:
     D:1: 968 daAuts
